 Dungeon Crawl Stone Soup version 0.30.0-3-ga4e48a9924 (webtiles) character file.

Game seed: 2699715477571384934

13068 ebarrett the Protected (level 11, -4/138 HPs)
             Began as an Armataur Monk on May 7, 2023.
             Was an Elder of Hepliaklqana.
             Slain by a wolf spider (13 damage)
             ... on level 2 of the Lair of Beasts.
             The game lasted 00:50:22 (12477 turns).

ebarrett the Protected (Armataur Monk)             Turns: 12477, Time: 00:50:23

Health: -4/138     AC: 25    Str: 21    XL:     11   Next: 70%
Magic:  16/16      EV:  1    Int: 10    God:    Hepliaklqana [****..]
Gold:   421        SH:  0    Dex: 19    Spells: 10/10 levels left

rFire   + . .        a - +1 flail (venom)
rCold   . . .        t - +0 buckler
rNeg    . . .        u - melded +1 chain mail {Will+}
rPois   +            w - melded +1 helmet
rElec   .            I - melded +1 cloak
rCorr   .            (gloves currently unavailable)
SInv    .            (no barding)
Will    .....        (no amulet)
Stlth   +            v - +6 ring of dexterity
HPRegen 0.43/turn    A - ring of protection from fire
MPRegen 0.15/turn

%: roll
@: confused, tree-form, ambrosia-drunk
A: stationary, stasis, torment immunity, boosted hp, reduced essence, large,
rugged brown scales 3, (deformed body), (armoured tail), roll, long tongue,
awkward tongue
a: Renounce Religion, Recall Ancestor, Ancestor Identity, Transference, Idealise


You were on level 2 of the Lair of Beasts.
You worshipped Hepliaklqana.
Hepliaklqana was greatly pleased with you.
You were a tree.
You visited 3 branches of the dungeon, and saw 13 of its levels.

You collected 526 gold pieces.
You spent 105 gold pieces at shops.

Inventory:

Hand Weapons
 a - a +1 flail of venom (weapon)
 b - a +4 war axe
 C - a +0 morningstar
Missiles
 g - 42 poisoned darts (quivered)
 m - 3 javelins
 r - 2 throwing nets
 F - 2 curare-tipped darts
 K - 7 boomerangs
Armour
 d - an orb of light
 t - a +0 buckler (worn)
 u - a +1 chain mail of willpower (melded)
 w - a +1 helmet (melded)
 I - a +1 cloak (melded)
Jewellery
 v - a +6 ring of dexterity (left branch)
 A - a ring of protection from fire (right branch)
 H - a ring of protection from cold
Wands
 s - a wand of polymorph (6)
 y - a wand of acid (3)
 D - a wand of digging (2)
 M - a wand of iceblast (3)
Scrolls
 h - a scroll of identify
 q - a scroll of fog
 x - a scroll of enchant weapon
 B - 3 scrolls of teleportation
 E - a scroll of silence
 G - a scroll of magic mapping
 J - a scroll of amnesia
Potions
 e - a potion of lignification
 f - a potion of haste
 i - 2 potions of might {unknown}
 j - a potion of attraction {unknown}
 k - 3 potions of resistance
 l - a potion of brilliance {unknown}
 n - 2 potions of invisibility {unknown}
 o - 2 potions of cancellation {unknown}
 p - 3 potions of mutation {unknown}
 z - a potion of magic {unknown}
 L - a potion of flight {unknown}


   Skills:
 + Level 8.6 Fighting
 + Level 10.4 Maces & Flails
 + Level 11.6 Armour
 - Level 2.1 Dodging
 - Level 5.0 Shields
 + Level 6.7 Invocations


You had 10 spell levels left.
You didn't know any spells.
Your spell library contained the following spells:

 Spells                   Type           Power      Damage    Failure   Level
 Lesser Beckoning         Tloc           0%         N/A       56%         2
 Gell's Gravitas          Tloc           0%         N/A       80%         3
 Ignite Poison            Fire/Tmut/Pois 0%         N/A       80%         3
 Ozocubu's Armour         Ice            0%         N/A       80%         3
 Teleport Other           Tloc           0%         N/A       80%         3
 Sticky Flame             Conj/Fire      0%         2d3       99%         4
 Metabolic Englaciation   Hex/Ice        0%         N/A       100%        5
 Simulacrum               Ice/Necr       0%         N/A       100%        6
 Ignition                 Fire           0%         3d3       100%        8


Dungeon Overview and Level Annotations

Branches:
Dungeon (10/15)            Temple (1/1) D:6            Lair (2/5) D:10
    Orc (0/2) D:10
  Swamp: Lair:2-3    Shoals: Lair:2-3     Snake: Lair:2-3    Spider: Lair:2-3

Altars:
Ashenzari
Cheibriados
Dithmenos
Elyvilon
Fedhas
Gozag
Hepliaklqana
Kikubaaqudgha
Makhleb
Nemelex Xobeh
Okawaru
Qazlal
Ru
Sif Muna
Trog
Uskayaw
Vehumet
Wu Jian
Xom
Yredelemnul
Zin
The Shining One

Shops:
D:1 !:   D:5 [   D:9 !

Annotations:
Temple 2 transporters
Lair:1 1 runed translucent door, exclusion: downstairs, themargong's ghost, journeyman DsCA


Innate Abilities, Weirdness & Mutations

You are a tree.
Your roots penetrate the ground, keeping you stationary.
You cannot be teleported.
You are immune to unholy pain and torment.
Your maximum health is greatly increased.
Your equipment is partially melded.
Your life essence is reduced to manifest your ancestor. (-10% HP)
(You are completely covered in rugged brown scales. (AC +3, +7% HP))
((Armour fits poorly on your strangely shaped body.))
((You have a long armoured tail.))
You roll when moving toward enemies. (Rampage)
Your long tongue fully drains potion bottles. (2x potion effects)
Your tongue gives you trouble enunciating. (1.5x scroll delay)


Message History

Unknown command.
You barely miss the wolf spider.
The wolf spider is severely wounded.
The wolf bites you.
* * * LOW HITPOINT WARNING * * *
The wolf spider hits you but does no damage.
The wolf spider bites you.
* * * LOW HITPOINT WARNING * * *
The wolf bites you.
* * * LOW HITPOINT WARNING * * *
You block the wolf spider's attack.
The wolf spider bites you but does no damage.
You are confused.
You feel invigorated.
You slurp down every last drop of the potion of ambrosia!
The wolf bites you but does no damage. The wolf spider completely misses you.
The wolf spider bites you.
* * * LOW HITPOINT WARNING * * *
The wolf barely misses you. The wolf spider hits you!
* * * LOW HITPOINT WARNING * * *
The wolf spider bites you but does no damage.
The wolf bites you but does no damage.
The wolf spider hits you but does no damage.
The wolf spider bites you but does no damage.
Unknown command.
The wolf bites you but does no damage. The wolf spider hits you!
* * * LOW HITPOINT WARNING * * *
The wolf spider bites you.
* * * LOW HITPOINT WARNING * * *
The wolf bites you but does no damage.
Unknown command.
You cannot move. (Use ctrl+direction or * direction to attack while stationary and confused.)
You barely miss the wolf.
The wolf is lightly wounded.
The wolf spider hits you.
* * * LOW HITPOINT WARNING * * *
The wolf spider bites you but does no damage.
The wolf bites you but does no damage. The wolf spider hits you!
You die...

## ####.##
###PP##.#### #
#####.........P#
..#..#.###[...#..#
......†....#.#..P#
......†.....###.##
# ......s♣...##
#.#######.
...####h####
#..#..##.# ##.
#......... .#
####..#..# .#
######. .. #. .P
.## ###. ...
....#P#. #P.....


You could see a wolf spider (corroded) and a wolf.

Vanquished Creatures
  A cane toad (Lair:1)
  An unseen horror (D:10)
  2 komodo dragons (Lair:1)
  2 trolls (D:9)
  A wyvern (D:10)
  13 yaks
  Eustachio (D:5)
  A steam dragon (D:9)
  4 water moccasins
  A sky beast (D:6)
  3 orc warriors (D:10)
  3 black bears (D:10)
  3 ice beasts
  2 wolves (Lair:2)
  5 centaurs
  A kobold brigand (D:5)
  A bullfrog (D:10)
  2 gnoll sergeants (D:10)
  2 water moccasin zombies (D:5)
  2 scorpions
  A wight (D:7)
  4 killer bees (D:9)
  A howler monkey (D:4)
  A bullfrog zombie (D:5)
  2 jellies
  A centaur zombie (D:5)
  A hound (D:5)
  4 orc priests
  2 iguanas (D:5)
  A sleepcap (D:5)
  3 orc wizards
  A howler monkey zombie (D:5)
  2 gnolls (D:10)
  10 adders
  2 river rats (D:3)
  A white imp (D:6)
  An ufetubus (D:7)
  3 worms
  11 orcs
  3 ball pythons
  6 endoplasms
  2 giant cockroaches
  3 goblins (D:1)
  4 hobgoblins
  4 quokkas
  6 bats
  6 frilled lizards
  9 kobolds
  3 rats
  A butterfly (Lair:1)
150 creatures vanquished.

Vanquished Creatures (collateral kills)
  A gargoyle (D:8)
  An unseen horror (D:9)
  2 cane toads
  3 komodo dragons (Lair:1)
  2 trolls
  A hornet (D:7)
  A wraith (D:10)
  5 yaks (Lair:1)
  2 vampire mosquitoes (D:10)
  2 steam dragons
  A water moccasin (D:10)
  2 ice beasts
  A black bear (D:7)
  3 ogres
  4 wolves (Lair:2)
  A centaur (D:9)
  4 bullfrogs
  5 kobold brigands (D:10)
  2 scorpions
  3 wights (D:7)
  A killer bee (D:9)
  A gnoll bouda (D:7)
  An orc priest (D:7)
  An iguana (D:6)
  An orc wizard (D:10)
  A mummy (D:8)
  4 gnolls
  3 orcs
59 creatures vanquished.

Vanquished Creatures (others)
  A howler monkey (D:9)
  3 battlemagi
  A gnoll (D:7)
  33 fungi (D:10)
  54 plants
92 creatures vanquished.

Grand Total: 301 creatures vanquished

Notes
Turn   | Place    | Note
-------+----------+-------------------------------------------
     0 | D:1      | ebarrett the Armataur Monk began the quest for the Orb.
     0 | D:1      | Reached XP level 1. HP: 19/19 MP: 1/1
   169 | D:1      | Found Lantiurr's Distillery.
   172 | D:1      | Reached XP level 2. HP: 26/27 MP: 2/2
   488 | D:1      | Found Hiuqoc's Book Shoppe.
   940 | D:2      | Reached XP level 3. HP: 21/33 MP: 3/3
  1140 | D:1      | Bought a potion of curing for 33 gold pieces
  1395 | D:2      | Found a faded altar of an unknown god.
  2074 | D:3      | Reached XP level 4. HP: 41/41 MP: 4/4
  2726 | D:1      | Bought a potion of heal wounds for 55 gold pieces
  3103 | D:3      | Reached skill level 1 in Armour
  3356 | D:4      | Reached XP level 5. HP: 49/49 MP: 5/5
  3791 | D:4      | Noticed a centaur
  3803 | D:4      | Killed a centaur
  3804 | D:4      | Reached skill level 5 in Maces & Flails
  3804 | D:4      | Reached skill level 2 in Armour
  3804 | D:4      | Reached XP level 6. HP: 47/55 MP: 6/6
  4352 | D:5      | Entered Level 5 of the Dungeon
  4373 | D:5      | Found a broken altar of Ashenzari.
  4481 | D:5      | Found a basalt altar of Yredelemnul.
  4493 | D:5      | Reached skill level 3 in Armour
  4515 | D:5      | Reached XP level 7. HP: 59/64 MP: 7/7
  4784 | D:5      | Noticed Eustachio
  4873 | D:5      | Found Cutrahe's Armour Boutique.
  4873 | D:5      | Noticed an animated shadow dragon scales
  4873 | D:5      | Noticed an animated storm dragon scales
  4899 | D:5      | Found an ornate altar of the Wu Jian Council.
  4998 | D:5      | Found a sacrificial altar of Ru.
  5007 | D:5      | Found a shimmering blue altar of Sif Muna.
  5219 | D:5      | Killed Eustachio
  5220 | D:5      | Reached skill level 5 in Fighting
  5434 | D:6      | Reached XP level 8. HP: 72/72 MP: 8/8
  5876 | D:6      | Reached skill level 4 in Armour
  6353 | D:6      | Found a staircase to the Ecumenical Temple.
  6361 | Temple   | Entered the Ecumenical Temple
  6361 | Temple   | Found a transporter.
  6361 | Temple   | Found a transporter.
  6363 | Temple   | Found a transporter.
  6363 | Temple   | Found a transporter.
  6382 | Temple   | Became a worshipper of Hepliaklqana the Forgotten
  6382 | Temple   | Reached * piety under Hepliaklqana
  6382 | Temple   | Reached ** piety under Hepliaklqana
  6383 | Temple   | Remembered your ancestor Sanele as a battlemage
  6431 | D:6      | Reached skill level 5 in Armour
  7095 | D:7      | Noticed a hornet
  7097 | D:7      | Killed a hornet
  7212 | D:7      | Reached XP level 9. HP: 61/72 MP: 9/9
  7221 | D:7      | Reached skill level 6 in Armour
  7840 | D:8      | Reached skill level 7 in Armour
  7928 | D:8      | Found a snail-covered altar of Cheibriados.
  8067 | D:8      | Noticed a gargoyle
  8094 | D:8      | Killed a gargoyle
  8204 | D:8      | Reached *** piety under Hepliaklqana
  8264 | D:8      | Found a sparkling altar of Nemelex Xobeh.
  8454 | D:9      | Noticed a troll
  8467 | D:9      | Killed a troll
  8468 | D:9      | Reached skill level 8 in Armour
  8713 | D:9      | Noticed a troll
  8717 | D:9      | Killed a troll
  8718 | D:9      | Reached skill level 1 in Invocations
  8938 | D:9      | Reached XP level 10. HP: 83/83 MP: 11/11
  9193 | D:9      | Noticed Maurice
  9194 | D:9      | Maurice changed into Maurice the ice beast
  9194 | D:9      | Noticed Maurice
  9196 | D:9      | Killed Maurice the ice beast
  9463 | D:9      | Found Qarcho Wuog's Distillery.
  9471 | D:9      | Bought a potion of degeneration for 17 gold pieces
  9759 | D:10     | Entered Level 10 of the Dungeon
  9803 | D:10     | Found a staircase to the Lair.
  9808 | D:10     | Reached skill level 1 in Shields
  9953 | D:10     | Found a staircase to the Orcish Mines.
  9989 | D:10     | Reached skill level 10 in Maces & Flails
 10014 | D:10     | Reached skill level 9 in Armour
 10014 | D:10     | Reached skill level 5 in Invocations
 10162 | D:10     | Reached skill level 5 in Shields
 10442 | D:10     | Reached **** piety under Hepliaklqana
 10735 | D:10     | Reached XP level 11. HP: 86/89 MP: 15/15
 10893 | Lair:1   | Entered Level 1 of the Lair of Beasts
 10933 | Lair:1   | Reached skill level 10 in Armour
 11747 | Lair:1   | Reached skill level 11 in Armour
 11857 | Lair:1   | Found a runed translucent door.
 11865 | Lair:1   | Noticed themargong's ghost (journeyman DsCA)
 11865 | Lair:1   | Noticed a death yak
 12317 | Lair:2   | Noticed a skyshark
 12412 | Lair:2   | Identified the +5 short sword "Xaoleplu" {venom, Str+3
                  | Int+2}
 12463 | Lair:2   | Noticed a wolf spider
 12477 | Lair:2   | Slain by a wolf spider

Illustrated notes

Levels and vault maps discovered:
D:1:      scummos_arrival_gate, layout_basic, serial_shops, shop,
          nicolae_shop_rolling_square, minmay_pentomino_z2
D:2:      layout_basic, shapermc_ecumenical_altar_totnotflames, chequers_jeans
D:3:      layout_basic, portal_sewer_entry_b
D:4:      layout_basic
D:5:      layout_cave_pools, mainiacjoe_overflow_cross_hatched,
          nicolae_yredelemnul_corpse_copse,
          mainiacjoe_overflow_concentric_impassable, mainiacjoe_overflow_swirl,
          serial_shops, nicolae_shop_mannequins, lexackson_kobold_supper,
          uniq_eustachio
D:6:      layout_cave_pods, minmay_temple_entry_gardened_gates
D:7:      layout_cave_pods
D:8:      layout_rooms, lemuel_round_altar, slow_altar_1
D:9:      layout_basic, serial_shops, shop_fountains, uniq_maurice
D:10:     layout_roguey, due_lair_maze_entry_diamond,
          kennysheep_orc_monster_closet_entryway
Temple:   hellmonk_temple_divided_pantheon
Lair:1:   layout_regular_city, ebering_ghost_inner_flame, lemuel_fruit_fields
Lair:2:   layout_loops_ring, minmay_swamp_entry_swarm, spider_nest_entry_a,
          special_room [special_room_bee], nicolae_lair_run_with_the_wolves,
          grunt_megastairs_4, uniq_sonja

Skill      XL: |  1  2  3  4  5  6  7  8  9 10 11 |
---------------+----------------------------------+-----
Fighting       | 3 4 5 6 7 8 |  8.6
Maces & Flails | 3 4 5 7 8 9 10 | 10.4
Armour         | 1 2 3 5 8 9 11 | 11.6
Invocations    | 2 5 6 |  6.7
Shields        | 5 |  5.0
Dodging        | |  2.1

Action                     |  1- 3 |  4- 6 |  7- 9 | 10-12 || total
---------------------------+-------+-------+-------+-------++-------
  Melee: Mace              |    65 |   138 |    97 |       ||   300
         Tailslap          |    11 |    29 |    39 |    42 ||   121
         Flail             |       |       |    46 |   130 ||   176
         Morningstar       |       |       |    17 |    91 ||   108
  Throw: Dart              |     1 |     4 |    12 |     2 ||    19
         Javelin           |       |       |     3 |       ||     3
         Throwing net      |       |       |     1 |       ||     1
 Invoke: Ancestor Life: Ba |       |       |     1 |       ||     1
         Idealise          |       |       |       |     2 ||     2
         Recall Ancestor   |       |       |       |     1 ||     1
  Evoke: Wand              |       |     5 |    13 |     9 ||    27
    Use: Scroll            |       |     3 |    12 |     3 ||    18
         Potion            |       |     2 |     2 |     7 ||    11
   Stab: Distracted        |       |       |     2 |     4 ||     6
 Armour: Robe              |     3 |       |       |       ||     3
         Ring mail         |    15 |    63 |    82 |    14 ||   174
         Scale mail        |       |     3 |       |       ||     3
         Chain mail        |       |       |       |   121 ||   121
         Plate armour      |       |       |       |     1 ||     1
         Skin              |       |       |       |    16 ||    16
  Dodge: Dodged            |    35 |    69 |    92 |    59 ||   255
  Block: Buckler           |       |       |       |    58 ||    58
